IL
LEHIGH VALLEY IRONPIGS @ LAS VEGAS 51S
08/15/2045
 
TOP OF THE 1ST
Lehigh Valley IronPigs batting - Pitching for Las Vegas 51s : LHP Jonathan Gendron
Pitching: LHP Jonathan Gendron
Batting: RHB Mitch Boyd 0-0: Called Strike
0-1: Ball
1-1: Ball
2-1: Ball
3-1: Foul Ball, location: 2F
3-2: Foul Ball, location: 2F
3-2: Base on Balls
Batting: LHB Darrell Ortega 0-0: Ball
Mitch Boyd is caught stealing 2nd base 2-6
1-0: Bunt missed!
1-1: Ball
2-1: SINGLE (Flyball, 78S, EV 94.4 MPH)
Batting: SHB Lance Franklin 0-0: Ball
1-0: Foul Ball, location: 2F
1-1: Ball
2-1: Foul Ball, location: 2F
2-2: Strikes out swinging
Batting: RHB Josh Hensley 0-0: Called Strike
0-1: Ball
1-1: Ball
Darrell Ortega steals 2nd base
2-1: Fly out, F7 (Flyball, 78M, EV 85.6 MPH)
Top of the 1st over - 0 runs, 1 hit, 0 errors, 1 left on base; Lehigh Valley 0 - Las Vegas 0
BOTTOM OF THE 1ST
Las Vegas 51s batting - Pitching for Lehigh Valley IronPigs : RHP Nick Turner
Pitching: RHP Nick Turner
Batting: LHB Adam Hairston 0-0: Ball
1-0: Swinging Strike
1-1: Ball
2-1: Ball
3-1: Called Strike
3-2: Base on Balls
Batting: SHB Jason Evans 0-0: Fielders Choice at 2nd, 4-6 (Groundball, 4M, EV 100.6 MPH)
Batting: LHB Jorge Rosales 0-0: Ball
1-0: Called Strike
1-1: Called Strike
1-2: 2-RUN HOME RUN (Flyball, 9D, EV 96.2 MPH), Distance : 379 ft
Batting: SHB Josh Schultze 0-0: Ground out 6-3 (Groundball, 6, EV 88.8 MPH)
Batting: LHB David McNair 0-0: Ground out 6-3 (Groundball, 6, EV 102.5 MPH)
Bottom of the 1st over - 2 runs, 1 hit, 0 errors, 0 left on base; Lehigh Valley 0 - Las Vegas 2
TOP OF THE 2ND
Lehigh Valley IronPigs batting - Pitching for Las Vegas 51s : LHP Jonathan Gendron
Batting: RHB Chris Pounds 0-0: Called Strike
0-1: Ball
1-1: Called Strike
1-2: Ball
2-2: Strikes out looking
Batting: RHB Moritake Fukumoto 0-0: Fly out, F9 (Flyball, 9S, EV 90.6 MPH)
Batting: RHB Kory Sanchez 0-0: Ball
1-0: Foul Ball, location: 2F
1-1: Foul Ball, location: 2F
1-2: Ball
2-2: Ground out 6-3 (Groundball, 6S, EV 83.8 MPH)
Top of the 2nd over - 0 runs, 0 hits, 0 errors, 0 left on base; Lehigh Valley 0 - Las Vegas 2
BOTTOM OF THE 2ND
Las Vegas 51s batting - Pitching for Lehigh Valley IronPigs : RHP Nick Turner
Batting: RHB Steven Romanovsky 0-0: Ball
1-0: Ball
2-0: SINGLE (Line Drive, 78S, EV 88.8 MPH)
Batting: LHB Marc Durgin 0-0: Ball
1-0: Foul Ball, location: 2F
1-1: Foul Ball, location: 2F
1-2: Strikes out swinging
Batting: RHB Seth Daniel 0-0: Ball
1-0: Ball
2-0: Ball
3-0: Called Strike
3-1: Foul Ball, location: 2F
3-2: Base on Balls
Steven Romanovsky to second
Batting: RHB Leon Edwards 0-0: Swinging Strike
0-1: Fly out, F9 (Flyball, 9LM, EV 79.4 MPH)
Runner from 2nd tags up, SAFE at 3rd with throw by RF
Batting: LHB Adam Hairston 0-0: Ball
1-0: Called Strike
1-1: Called Strike
1-2: Ground out 1-3 (Groundball, 13, EV 75.6 MPH)
Bottom of the 2nd over - 0 runs, 1 hit, 0 errors, 2 left on base; Lehigh Valley 0 - Las Vegas 2
TOP OF THE 3RD
Lehigh Valley IronPigs batting - Pitching for Las Vegas 51s : LHP Jonathan Gendron
Batting: LHB Danny Hill 0-0: DOUBLE (Flyball, 89D, EV 96.9 MPH)
Batting: LHB Tyler Allen 0-0: Ball
1-0: Called Strike
1-1: Ball
2-1: Ball
3-1: Swinging Strike
3-2: Foul Ball, location: 2F
3-2: Strikes out swinging
Batting: RHB Mitch Boyd 0-0: Called Strike
0-1: Ball
1-1: Ball
2-1: Foul Ball, location: 2F
2-2: Foul Ball, location: 2F
2-2: Ground out 4-3 (Groundball, 4, EV 86.9 MPH)
Danny Hill to third
Batting: LHB Darrell Ortega 0-0: Fly out, F9 (Flyball, 89D, EV 101.9 MPH)
Top of the 3rd over - 0 runs, 1 hit, 0 errors, 1 left on base; Lehigh Valley 0 - Las Vegas 2
BOTTOM OF THE 3RD
Las Vegas 51s batting - Pitching for Lehigh Valley IronPigs : RHP Nick Turner
Batting: SHB Jason Evans 0-0: Called Strike
0-1: Foul Ball, location: 2F
0-2: Strikes out swinging
Batting: LHB Jorge Rosales 0-0: Ball
1-0: Called Strike
1-1: Ball
2-1: Ball
3-1: Swinging Strike
3-2: Foul Ball, location: 2F
3-2: Foul Ball, location: 2F
3-2: SINGLE (Groundball, 34D, EV 106.9 MPH)
Batting: SHB Josh Schultze 0-0: Ball
1-0: Foul Ball, location: 2F
1-1: DOUBLE (Line Drive, 5D, EV 95.0 MPH)
Jorge Rosales to third
Runner from 3rd tries for Home, SAFE, no throw by LF
Batting: LHB David McNair 0-0: Called Strike
0-1: Ball
1-1: Called Strike
1-2: Foul Ball, location: 2F
1-2: Ground out 4-3 (Groundball, 4, EV 96.2 MPH)
Josh Schultze to third
Batting: RHB Steven Romanovsky 0-0: Called Strike
0-1: Called Strike
0-2: Ball
1-2: Foul Ball, location: 2F
1-2: Foul Ball, location: 2F
1-2: Ground out 5-3 (Groundball, 56, EV 102.5 MPH)
Bottom of the 3rd over - 1 run, 2 hits, 0 errors, 1 left on base; Lehigh Valley 0 - Las Vegas 3
TOP OF THE 4TH
Lehigh Valley IronPigs batting - Pitching for Las Vegas 51s : LHP Jonathan Gendron
Batting: SHB Lance Franklin 0-0: Called Strike
0-1: Ground out 6-3 (Groundball, 6, EV 105.6 MPH)
Batting: RHB Josh Hensley 0-0: Ball
1-0: Ball
2-0: Swinging Strike
2-1: Foul Ball, location: 2F
2-2: Fly out, F8 (Flyball, 8RM, EV 94.4 MPH)
Batting: RHB Chris Pounds 0-0: Foul Ball, location: 2F
0-1: Called Strike
0-2: Ground out 4-3 (Groundball, 4, EV 103.1 MPH)
Top of the 4th over - 0 runs, 0 hits, 0 errors, 0 left on base; Lehigh Valley 0 - Las Vegas 3
BOTTOM OF THE 4TH
Las Vegas 51s batting - Pitching for Lehigh Valley IronPigs : RHP Nick Turner
Batting: LHB Marc Durgin 0-0: Called Strike
0-1: Swinging Strike
0-2: Ball
1-2: Foul Ball, location: 2F
1-2: Ball
2-2: Foul Ball, location: 2F
2-2: Ground out 6-3 (Groundball, 6, EV 85.6 MPH)
Batting: RHB Seth Daniel 0-0: SINGLE (Line Drive, 7S, EV 101.9 MPH)
Batting: RHB Leon Edwards 0-0: Foul Ball, location: 2F
0-1: Ball
1-1: Ball
2-1: Foul Ball, location: 2F
2-2: Strikes out looking
Batting: LHB Adam Hairston 0-0: Called Strike
0-1: Swinging Strike
0-2: Ball
1-2: SINGLE (Flyball, 5D, EV 90.0 MPH)
Seth Daniel to second
Batting: SHB Jason Evans 0-0: Ball
1-0: Ball
2-0: Fly out, F6 (Popup, 6S, EV 78.8 MPH)
Bottom of the 4th over - 0 runs, 2 hits, 0 errors, 2 left on base; Lehigh Valley 0 - Las Vegas 3
TOP OF THE 5TH
Lehigh Valley IronPigs batting - Pitching for Las Vegas 51s : LHP Jonathan Gendron
Batting: RHB Moritake Fukumoto 0-0: Called Strike
0-1: Swinging Strike
0-2: Ball
1-2: Ball
2-2: Strikes out swinging
Batting: RHB Kory Sanchez 0-0: Ball
1-0: Called Strike
1-1: Ball
2-1: Ball
3-1: Base on Balls
Batting: LHB Danny Hill 0-0: Ball
1-0: Foul Ball, location: 2F
1-1: Ball
2-1: Foul Ball, location: 2F
2-2: Foul Ball, location: 2F
2-2: Strikes out swinging
Batting: LHB Tyler Allen 0-0: Ball
1-0: Ball
2-0: SINGLE (Line Drive, 89S, EV 91.2 MPH)
Kory Sanchez to second
Batting: RHB Mitch Boyd 0-0: Called Strike
0-1: Ball
1-1: Ball
2-1: Ball
3-1: Base on Balls
Kory Sanchez to third
Tyler Allen to second
Batting: LHB Darrell Ortega 0-0: Foul Ball, location: 2F
0-1: Ball
1-1: Ball
2-1: Ball
3-1: Foul Ball, location: 2F
3-2: Ground out 4-3 (Groundball, 4, EV 110.0 MPH)
Top of the 5th over - 0 runs, 1 hit, 0 errors, 3 left on base; Lehigh Valley 0 - Las Vegas 3
BOTTOM OF THE 5TH
Las Vegas 51s batting - Pitching for Lehigh Valley IronPigs : RHP Nick Turner
Batting: LHB Jorge Rosales 0-0: Ball
1-0: Ball
2-0: Ball
3-0: Base on Balls
Batting: SHB Josh Schultze 0-0: Ball
1-0: Ball
Wild Pitch!
Jorge Rosales to second
2-0: DOUBLE (Line Drive, 78D, EV 106.9 MPH)
Jorge Rosales scores
Batting: LHB David McNair 0-0: Ball
1-0: SINGLE (Groundball, 6MD, EV 96.2 MPH)
Josh Schultze to third
Batting: RHB Steven Romanovsky 0-0: Ball
1-0: Foul Ball, location: 2F
1-1: Foul Ball, location: 2F
1-2: Strikes out swinging
Batting: LHB Marc Durgin 0-0: Ball
1-0: Called Strike
1-1: Ball
2-1: Ball
3-1: Fielders Choice at 2nd, 5-4 (Groundball, 56, EV 87.5 MPH)
Josh Schultze scores
Pitching: RHP Frank Diaz
Batting: RHB Seth Daniel 0-0: Ball
Wild Pitch!
Marc Durgin to second
1-0: Foul Ball, location: 2F
1-1: Ball
2-1: SINGLE (Groundball, 25, EV 70.6 MPH) (infield hit)
Marc Durgin to third
Batting: RHB Leon Edwards 0-0: Fielders Choice at 2nd, 5-4 (Groundball, 56, EV 101.2 MPH)
Bottom of the 5th over - 2 runs, 3 hits, 0 errors, 2 left on base; Lehigh Valley 0 - Las Vegas 5
TOP OF THE 6TH
Lehigh Valley IronPigs batting - Pitching for Las Vegas 51s : LHP Jonathan Gendron
Batting: SHB Lance Franklin 0-0: DOUBLE (Popup, 6MD, EV 50.0 MPH)
Batting: RHB Josh Hensley 0-0: Ball
1-0: Ball
2-0: Ball
3-0: Fly out, F9 (Flyball, 9D, EV 106.9 MPH)
Runner from 2nd tags up, SAFE at 3rd, no throw by RF
Batting: RHB Chris Pounds 0-0: Ball
1-0: Foul Ball, location: 2F
1-1: Foul Ball, location: 2F
1-2: Ball
2-2: Ball
3-2: Foul Ball, location: 2F
3-2: Base on Balls
Pitching: RHP Jose Herrera
Batting: RHB Moritake Fukumoto 0-0: Foul Ball, location: 2F
0-1: Ball
1-1: Ball
2-1: Foul Ball, location: 2F
2-2: Foul Ball, location: 2F
2-2: Strikes out swinging
Batting: RHB Kory Sanchez 0-0: Called Strike
0-1: Foul Ball, location: 2F
0-2: Reached on error, E4 (Groundball, 34, EV 111.9 MPH)
Lance Franklin scores
Chris Pounds to second
Batting: LHB Danny Hill 0-0: Ball
1-0: Foul Ball, location: 2F
1-1: Swinging Strike
1-2: Ball
2-2: Foul Ball, location: 2F
2-2: Foul Ball, location: 2F
2-2: Reached via error on a dropped throw from 1B, E1 (Groundball, 34, EV 86.2 MPH)
Chris Pounds to third
Kory Sanchez to second
Batting: LHB Tyler Allen 0-0: Ball
1-0: Called Strike
1-1: SINGLE (Groundball, 34D, EV 100.0 MPH)
Chris Pounds scores
Kory Sanchez to third
Danny Hill to second
Batting: RHB Mitch Boyd 0-0: Ball
1-0: Swinging Strike
1-1: Ball
2-1: Ball
3-1: Foul Ball, location: 2F
3-2: Base on Balls
Kory Sanchez scores
Danny Hill to third
Tyler Allen to second
Batting: LHB Darrell Ortega 0-0: Called Strike
0-1: Ball
1-1: SINGLE (Line Drive, 6MD, EV 100.6 MPH)
Danny Hill scores
Tyler Allen to third
Mitch Boyd to second
Runner from 3rd tries for Home, throw by CF and OUT! 8-2
Top of the 6th over - 4 runs, 3 hits, 2 errors, 2 left on base; Lehigh Valley 4 - Las Vegas 5
BOTTOM OF THE 6TH
Las Vegas 51s batting - Pitching for Lehigh Valley IronPigs : RHP Frank Diaz
Batting: LHB Adam Hairston 0-0: Ball
1-0: Called Strike
1-1: Foul Ball, location: 2F
1-2: Ball
2-2: Ball
3-2: DOUBLE (Line Drive, 7LM, EV 106.2 MPH)
Pinch Runner at 2nd John Looney:
Batting: SHB Jason Evans 0-0: Called Strike
0-1: Ball
1-1: SINGLE (Line Drive, 78M, EV 110.6 MPH)
John Looney to third
Batting: LHB Jorge Rosales 0-0: Called Strike
0-1: Ball
1-1: Foul Ball, location: 2F
1-2: Fielders Choice at 2nd, 4-6 (Groundball, 34, EV 86.2 MPH)
John Looney scores
Batting: SHB Josh Schultze 0-0: Ball
1-0: Ball
2-0: Foul Ball, location: 2F
2-1: Ball
3-1: Swinging Strike
3-2: Base on Balls
Jorge Rosales to second
Batting: LHB David McNair 0-0: Ball
1-0: Called Strike
1-1: Ball
2-1: Foul Ball, location: 2F
2-2: SINGLE (Groundball, 4MD, EV 105.0 MPH)
Jorge Rosales to third
Josh Schultze to second
Runner from 3rd tries for Home, SAFE, throw by CF to home
Batting: RHB Steven Romanovsky 0-0: Ball
1-0: Ball
2-0: Called Strike
2-1: Foul Ball, location: 2F
2-2: Strikes out swinging
Batting: LHB Marc Durgin 0-0: Ball
1-0: Called Strike
1-1: Ball
2-1: Ball
3-1: Base on Balls
Josh Schultze to third
David McNair to second
Batting: RHB Seth Daniel 0-0: Ball
1-0: Foul Ball, location: 2F
1-1: Swinging Strike
1-2: Strikes out swinging
Bottom of the 6th over - 2 runs, 3 hits, 0 errors, 3 left on base; Lehigh Valley 4 - Las Vegas 7
TOP OF THE 7TH
Lehigh Valley IronPigs batting - Pitching for Las Vegas 51s : RHP Jose Herrera
Pitching: LHP Josh Taylor
Now at 2B: Steve Dunaway
Batting: SHB Lance Franklin 0-0: DOUBLE (Flyball, 89XD, EV 110.6 MPH)
Batting: RHB Josh Hensley 0-0: Ball
1-0: Ground out 6-3 (Groundball, 6, EV 82.5 MPH)
Lance Franklin to third
Batting: RHB Chris Pounds 0-0: Called Strike
0-1: Called Strike
0-2: Strikes out swinging, 2-3 out at first.
Batting: RHB Moritake Fukumoto 0-0: Ball
1-0: Ball
2-0: Ball
3-0: Called Strike
3-1: Base on Balls
Batting: RHB Kory Sanchez 0-0: Ground out 5-3 (Groundball, 5S, EV 90.0 MPH)
Top of the 7th over - 0 runs, 1 hit, 0 errors, 2 left on base; Lehigh Valley 4 - Las Vegas 7
BOTTOM OF THE 7TH
Las Vegas 51s batting - Pitching for Lehigh Valley IronPigs : RHP Frank Diaz
Pitching: RHP Joe Kimbrough
Batting: RHB Leon Edwards 0-0: Called Strike
0-1: Ball
1-1: Ball
2-1: Called Strike
2-2: Strikes out swinging
Batting: RHB Steve Dunaway 0-0: Called Strike
0-1: Called Strike
0-2: Ball
1-2: Strikes out swinging
Batting: SHB Jason Evans 0-0: Ball
1-0: Fly out, F9 (Flyball, 9LS, EV 82.5 MPH)
Bottom of the 7th over - 0 runs, 0 hits, 0 errors, 0 left on base; Lehigh Valley 4 - Las Vegas 7
TOP OF THE 8TH
Lehigh Valley IronPigs batting - Pitching for Las Vegas 51s : LHP Josh Taylor
Pitching: LHP Ryan Price
Batting: LHB Danny Hill 0-0: Ball
1-0: Ball
2-0: Fly out, F7 (Flyball, 7LD, EV 105.0 MPH)
Batting: LHB Tyler Allen 0-0: Ground out 4-3 (Groundball, 4, EV 82.5 MPH)
Batting: RHB Mitch Boyd 0-0: Ground out 5-3 (Groundball, 56D, EV 84.4 MPH)
Top of the 8th over - 0 runs, 0 hits, 0 errors, 0 left on base; Lehigh Valley 4 - Las Vegas 7
BOTTOM OF THE 8TH
Las Vegas 51s batting - Pitching for Lehigh Valley IronPigs : RHP Joe Kimbrough
Batting: LHB Jorge Rosales 0-0: Called Strike
0-1: Ball
1-1: Called Strike
1-2: Strikes out looking
Batting: SHB Josh Schultze 0-0: SINGLE (Groundball, 34D, EV 106.9 MPH)
Batting: LHB David McNair 0-0: Fly out, F9 (Flyball, 9D, EV 105.0 MPH)
Batting: RHB Steven Romanovsky 0-0: Called Strike
0-1: Fielders Choice at 2nd, 6-4 (Groundball, 6, EV 85.6 MPH)
Bottom of the 8th over - 0 runs, 1 hit, 0 errors, 1 left on base; Lehigh Valley 4 - Las Vegas 7
TOP OF THE 9TH
Lehigh Valley IronPigs batting - Pitching for Las Vegas 51s : LHP Ryan Price
Pitching: RHP Ryan Wilson
Batting: LHB Darrell Ortega 0-0: Foul Ball, location: 2F
0-1: Ball
1-1: Ball
2-1: Ball
3-1: Base on Balls
Batting: SHB Lance Franklin 0-0: Ball
1-0: Ball
2-0: Ball
3-0: Called Strike
3-1: Foul Ball, location: 2F
3-2: Foul Ball, location: 2F
3-2: Strikes out looking
Batting: RHB Josh Hensley 0-0: Foul Ball, location: 2F
0-1: Called Strike
0-2: Ball
1-2: Ball
2-2: Ball
3-2: SINGLE (Flyball, 4MD, EV 87.5 MPH)
Darrell Ortega to second
Darrell Ortega to third
Batting: RHB Chris Pounds 0-0: Foul Ball, location: 2F
0-1: Foul Ball, location: 2F
0-2: Fly out, F3 (Popup, 3SF, EV 78.8 MPH)
Batting: RHB Moritake Fukumoto 0-0: Called Strike
0-1: Ball
1-1: Swinging Strike
1-2: Ball
2-2: Strikes out swinging
Top of the 9th over - 0 runs, 1 hit, 0 errors, 2 left on base; Lehigh Valley 4 - Las Vegas 7
Wednesday, June 22nd , 2022 - OOTP Baseball 23.4 Build 64